 Dungeon Crawl Stone Soup version 0.28-a0-769-g550dbda0cd (webtiles) character file.

Game seed: 13008800257337020374

52267 lessens the Blocker (level 14, -2/113 HPs)
             Began as a Gnoll Fighter on Nov 1, 2021.
             Was a High Priest of Okawaru.
             Slain by an orc knight (44 damage)
             ... on level 2 of the Orcish Mines.
             The game lasted 00:40:55 (25887 turns).

lessens the Blocker (Gnoll Fighter)                Turns: 25887, Time: 00:40:56

Health: -2/113     AC: 22    Str: 20    XL:     14   Next: 63%
Magic:  0/27       EV: 16    Int:  9    God:    Okawaru [*****.]
Gold:   1663       SH:  8    Dex: 11    Spells: 25/31 levels left

rFire   + . .      SeeInvis .   D - +7 long sword (vorpal)
rCold   . . .      Faith    .   c - +0 buckler
rNeg    . . .      Spirit   +   G - +4 ring mail of Inference {Rampage}
rPois   +          Reflect  .   o - +1 helmet
rElec   .          Harm     .   v - +0 cloak
rCorr   .          Rampage  +   z - +2 pair of gloves {archery}
Will    +....                   s - +0 pair of boots
Stlth   +++++.....              W - amulet of guardian spirit
HPRegen 0.28/turn               u - ring of protection from fire
MPRegen 0.20/turn               I - ring of poison resistance

@: about to teleport, heroic
A: fangs 1, strong nose, distributed training
a: Renounce Religion, Heroism, Finesse, Duel


You were on level 2 of the Orcish Mines.
You worshipped Okawaru.
Okawaru was extremely pleased with you.
You visited 4 branches of the dungeon, and saw 21 of its levels.
You also visited: Ossuary and Ice Cave.

You collected 1883 gold pieces.
You spent 220 gold pieces at shops.

Inventory:

Hand Weapons
 w - the +6 rapier of Dishonesty {vamp, rF+ Will+ MP+9}
   (You found it on level 4 of the Dungeon)

   It occasionally heals its wielder for a portion of the damage dealt when it
   wounds a living foe.
   rF:        It protects you from fire.
   MP:        It affects your magic capacity (+9).
   Will:      It increases your willpower.
 D - a +7 vorpal long sword (weapon)
 E - a +0 demon blade
 O - the +5 long sword "Valoez" {pain, Stlth+}
   (You took it off a wight on level 8 of the Dungeon)

   In the hands of one skilled in necromantic magic, it inflicts extra damage on
   living creatures.
   Stlth:     It makes you more stealthy.
 Q - a +0 scimitar of flaming
 U - a +2 scimitar
Missiles
 f - 45 poisoned darts (quivered)
 l - 586 stones
 C - 8 boomerangs
 H - 6 atropa-tipped darts
Armour
 b - a +1 chain mail of willpower
 c - a +0 buckler (worn)
 o - a +1 helmet (worn)
 s - a +0 pair of boots (worn)
 v - a +0 cloak (worn)
 y - the +0 pair of gloves of Sunlight {rElec rF+ SInv}
   (Okawaru gifted it to you on level 4 of the Lair of Beasts)

   rF:        It protects you from fire.
   rElec:     It insulates you from electricity.
   SInv:      It lets you see invisible.
 z - a +2 pair of gloves of archery (worn)
 G - the +4 ring mail of Inference (worn) {Rampage}
   (You found it on level 5 of the Lair of Beasts)

   Rampage:   It bestows one free step when moving towards enemies.
 S - a +2 ring mail of cold resistance
Jewellery
 k - a ring of protection from cold
 u - a ring of protection from fire (left hand)
 B - a ring of flight
 I - a ring of poison resistance (right hand)
 V - a ring of willpower
 W - an amulet of guardian spirit (around neck)
 X - a ring of protection from fire
Wands
 J - a wand of flame (28)
 Y - a wand of iceblast (21)
 Z - a wand of acid (11)
Scrolls
 g - 4 scrolls of blinking
 h - 3 scrolls of teleportation
 n - 3 scrolls of fear {unknown}
 p - 2 scrolls of immolation {unknown}
 q - 2 scrolls of noise {unknown}
 r - 8 scrolls of enchant armour
 t - 2 scrolls of identify
 A - 3 scrolls of silence
 K - 4 scrolls of enchant weapon
 P - a scroll of magic mapping
Potions
 a - 2 potions of heal wounds
 d - 3 potions of might
 e - a potion of brilliance
 i - 2 potions of attraction
 j - 4 potions of mutation
 m - 15 potions of curing {unknown}
 x - 2 potions of lignification
 F - a potion of cancellation
 L - 3 potions of magic
 M - 3 potions of flight
 N - 2 potions of haste
Miscellaneous
 R - a piece from Xom's chessboard (15/15)
 T - a lightning rod (4/4)


   Skills:
 + Level 11.4(16.4) Fighting
 + Level 9.4(14.4) Short Blades
 + Level 9.4(14.4) Long Blades
 + Level 9.4(14.4) Axes
 + Level 10.5(15.5) Maces & Flails
 + Level 9.4(14.4) Polearms
 + Level 9.4(14.4) Staves
 + Level 9.4(14.4) Slings
 + Level 9.4(14.4) Bows
 + Level 9.4(14.4) Crossbows
 + Level 9.4(14.4) Throwing
 + Level 11.4(16.4) Armour
 + Level 9.4(14.4) Dodging
 + Level 9.4(14.4) Stealth
 + Level 11.4(16.4) Shields
 + Level 9.4(14.4) Unarmed Combat
 + Level 9.4 Spellcasting
 + Level 7.8 Conjurations
 + Level 7.8 Hexes
 + Level 7.8 Summonings
 + Level 7.8 Necromancy
 + Level 7.8 Translocations
 + Level 7.8 Transmutations
 + Level 7.8 Fire Magic
 + Level 7.8 Ice Magic
 + Level 7.8 Air Magic
 + Level 7.8 Earth Magic
 + Level 7.8 Poison Magic
 + Level 10.2 Invocations
 + Level 9.4 Evocations


You had 25 spell levels left.
You knew the following spells:

 Your Spells              Type           Power      Damage    Failure   Level
a - Olgreb's Toxic Radia  Pois           18%        N/A       9%          4
B - Blink                 Tloc           36%        N/A       1%          2

Your spell library contained the following spells:

 Spells                   Type           Power      Damage    Failure   Level
 Freeze                   Ice            72%        1d9       1%          1
 Slow                     Hex            72%        N/A       1%          1
 Sting                    Tmut/Pois      72%        1d6       1%          1
 Ensorcelled Hibernation  Hex/Ice        36%        N/A       1%          2
 Poisonous Vapours        Pois/Air       36%        N/A       1%          2
 Static Discharge         Conj/Air       18%        N/A       1%          2
 Confusing Touch          Hex            18%        N/A       2%          3
 Frozen Ramparts          Ice            36%        1d5       2%          3
 Gell's Gravitas          Tloc           9%         N/A       2%          3
 Lesser Beckoning         Tloc           18%        N/A       2%          3
 Teleport Other           Tloc           18%        N/A       2%          3
 Dispel Undead            Necr           18%        3d11      9%          4
 Hailstorm                Conj/Ice       18%        3d6       9%          4
 Ice Form                 Ice/Tmut       18%        N/A       9%          4
 Sticky Flame             Conj/Fire      18%        2d4       9%          4
 Blade Hands              Tmut           9%         N/A       24%         5
 Manifold Assault         Tloc           18%        N/A       24%         5
 Yara's Violent Unravell  Hex/Tmut       9%         3d6       24%         5
 Dispersal                Tloc           9%         N/A       80%         6
 Statue Form              Tmut/Erth      12%        N/A       80%         6
 Orb of Destruction       Conj           9%         9d4       100%        7
 Disjunction              Tloc           9%         N/A       100%        8
 Summon Guardian Golem    Hex/Summ       Unusable   N/A       N/A         3
 Tukima's Dance           Hex            Unusable   N/A       N/A         3
 Simulacrum               Ice/Necr       Unusable   N/A       N/A         6
 Spellforged Servitor     Conj/Summ      Unusable   N/A       N/A         7

Dungeon Overview and Level Annotations

Branches:
Dungeon (12/15)            Temple (1/1) D:7            Lair (6/6) D:8
 Shoals (0/4) Lair:3        Snake (0/4) Lair:4        Slime (0/5) Lair:5
    Orc (2/2) D:9             Elf (0/3) Orc:2       Ossuary (visited)
  IceCv (visited)

Altars:
Ashenzari
Cheibriados
Dithmenos
Elyvilon
Fedhas
Gozag
Hepliaklqana
Kikubaaqudgha
Makhleb
Okawaru
Qazlal
Ru
Trog
Uskayaw
Vehumet
Wu Jian
Xom
Yredelemnul
Zin
The Shining One
Jiyva

Shops:
D:1 (   D:2 *   D:6 ==   D:10 (   Orc:1 :   Orc:2 (

Annotations:
D:5 4 runed translucent doors, Crazy Yiuf; ThrustWizard's ghost, amateur DrTm
D:9 1 runed translucent door, bande's ghost, journeyman GrFi
D:12 Jorgrun


Innate Abilities, Weirdness & Mutations

You have very sharp teeth.
Your uncanny sense of smell can sniff out nearby items.
Your experience applies equally to all skills.


Message History

The orc priest looks as sick as possible!
The orc knight looks as sick as possible!
The orc warrior looks as sick as possible!
The orc warlord looks as sick as possible!
The orc knight looks as sick as possible!
The orc priest is poisoned.
The orc warrior looks as sick as possible!
You kill the orc warrior!
Okawaru accepts your kill.
You kill the orc warrior!
Okawaru accepts your kill.
You kill the orc warrior!
Okawaru accepts your kill.
The orc high priest calls upon Beogh to heal the orc warrior.
The orc warrior is healed somewhat.
The orc priest calls upon Beogh to heal the orc warrior.
The orc warrior's wounds heal themselves!
The orc high priest hits you from afar with a +0 halberd!
The orc warlord roars a battlecry!
You hear a shout! x7
As you read the scroll of teleportation, it crumbles to dust.
You feel strangely unstable.
The orc priest looks as sick as possible! x2
The orc priest is poisoned.
The orc sorcerer looks as sick as possible!
The orc knight looks as sick as possible!
The orc warrior looks as sick as possible!
The orc high priest looks as sick as possible!
The orc priest looks even sicker.
The orc sorcerer looks as sick as possible!
The orc priest looks even sicker.
Your toxic aura wanes.
You kill the orc priest!
Okawaru accepts your kill.
You kill the orc priest!
Okawaru accepts your kill.
The orc high priest calls upon Beogh to heal the orc warrior.
The orc warrior is healed somewhat.
The orc knight hits you with a +2 great sword!!!
You die... ....... ...oo.. .......oo ..oo... ......⌠o. ..o.... ......o.o ..oo... #ooo4.o.o ..oooo.

#3oo4o3.
....oo.
##ooo....
..o....
##)oo#
.o#####
#.)@)# .
#..)).#
#....)...
#..........
#.....######
#....##
#...## ####


You could see an orc warlord (strong, extremely poisoned), 3 orc knights, 3 orc
high priests, a rust devil (summoned), a sixfirhy (summoned, very poisoned), a
ynoxinul (summoned), 2 orc sorcerers, a red devil (summoned), 2 orc warriors, 6
orc priests and an orc (strong).

Vanquished Creatures
  Gastronok (D:10)
  A fire dragon (Lair:6)
  2 boulder beetles
  Erica (D:8)
  5 hydras
  A catoblepas (Lair:2)
  A two-headed ogre (D:11)
  5 death yaks
  An orc knight (Orc:2)
  2 lindwurms
  3 ugly things
  A deep elf pyromancer (D:12)
  An orc sorcerer (Orc:2)
  Joseph (D:7)
  13 elephants
  4 black mambas
  3 ice statues (IceCv)
  3 molten gargoyles (Lair:6)
  11 cane toads
  Maggie (D:6)
  7 komodo dragons
  An entropy weaver simulacrum (IceCv)
  Psyche (D:8)
  An unseen horror (D:11)
  A rime drake (Lair:3)
  2 ice devils (D:12)
  A troll (D:11)
  3 polar bears
  A snapping turtle (Lair:3)
  5 blink frogs (Lair:3)
  2 shadows
  48 yaks
  Eustachio (D:6)
  Grum (D:8)
  9 wyverns
  A steam dragon (Lair:6)
  7 basilisks
  A death yak simulacrum (IceCv)
  3 vampire mosquitoes (D:11)
  A warg (Orc:1)
  A harpy simulacrum (IceCv)
  2 nagas (Lair:4)
  5 hell hounds (Lair:6)
  9 water moccasins
  Duvessa (D:7)
  9 orc warriors
  An ice beast (D:7)
  2 sky beasts
  2 black bears
  2 ogres
  3 necrophages
  39 wolves
  A centaur (Lair:2)
  2 kobold brigands
  Blork the orc (D:4)
  13 bullfrogs
  A cane toad simulacrum (IceCv)
  A gnoll sergeant (D:8)
  Dowan (D:7)
  4 water moccasin skeletons (D:5)
  6 killer bees (D:8)
  13 wights
  3 howler monkeys
  An electric eel (Lair:3)
  4 lava snakes (Lair:6)
  A jelly (D:5)
  3 centaur zombies
  5 hounds
  12 orc priests
  A bullfrog skeleton (D:5)
  2 gnoll shamans
  4 iguanas
  A scorpion zombie (D:5)
  Ijyb (D:3)
  17 orc wizards
  2 polar bear simulacra (IceCv)
  A killer bee zombie (D:7)
  A hound zombie (D:5)
  3 hound skeletons
  9 mummies
  Robin (D:4)
  13 gnolls
  A howler monkey skeleton (D:7)
  4 adders
  An ufetubus (D:4)
  3 worms
  A dart slug (D:5)
  38 orcs
  6 endoplasms
  5 giant cockroaches
  10 hobgoblins
  5 jackals
  5 quokkas
  7 ball pythons
  8 bats
  3 frilled lizards
  11 goblins
  4 hobgoblin zombies (Ossuary)
  7 kobolds
  5 kobold zombies
  An orc zombie (D:7)
  7 rats
494 creatures vanquished.

Vanquished Creatures (others)
  A human (D:8)
  9 fungi
  25 plants
35 creatures vanquished.

Grand Total: 529 creatures vanquished

Notes
Turn   | Place    | Note
-------+----------+-------------------------------------------
     0 | D:1      | lessens the Gnoll Fighter began the quest for the Orb.
     0 | D:1      | Reached XP level 1. HP: 23/23 MP: 1/1
   286 | D:1      | Reached XP level 2. HP: 29/29 MP: 2/2
   439 | D:1      | Found Paykedgh's Weapon Boutique.
   865 | D:2      | Found Waicw's General Store.
   978 | D:2      | Found a faded altar of an unknown god.
  1078 | D:2      | Reached XP level 3. HP: 35/35 MP: 3/3
  1222 | D:2      | Reached skill level 1 in Invocations
  1548 | D:3      | Reached skill level 1 in Short Blades
  1548 | D:3      | Reached skill level 1 in Long Blades
  1548 | D:3      | Reached skill level 1 in Axes
  1548 | D:3      | Reached skill level 1 in Polearms
  1548 | D:3      | Reached skill level 1 in Staves
  1548 | D:3      | Reached skill level 1 in Slings
  1548 | D:3      | Reached skill level 1 in Bows
  1548 | D:3      | Reached skill level 1 in Crossbows
  1548 | D:3      | Reached skill level 1 in Throwing
  1548 | D:3      | Reached skill level 1 in Dodging
  1548 | D:3      | Reached skill level 1 in Stealth
  1548 | D:3      | Reached skill level 1 in Unarmed Combat
  1548 | D:3      | Reached skill level 1 in Spellcasting
  1548 | D:3      | Reached skill level 1 in Evocations
  1583 | D:3      | Noticed a black bear
  1857 | D:3      | Reached XP level 4. HP: 41/41 MP: 5/5
  1940 | D:3      | Killed a black bear
  1941 | D:3      | Reached skill level 1 in Conjurations
  1941 | D:3      | Reached skill level 1 in Hexes
  1941 | D:3      | Reached skill level 1 in Summonings
  1941 | D:3      | Reached skill level 1 in Necromancy
  1941 | D:3      | Reached skill level 1 in Translocations
  1941 | D:3      | Reached skill level 1 in Transmutations
  1941 | D:3      | Reached skill level 1 in Fire Magic
  1941 | D:3      | Reached skill level 1 in Ice Magic
  1941 | D:3      | Reached skill level 1 in Air Magic
  1941 | D:3      | Reached skill level 1 in Earth Magic
  1941 | D:3      | Reached skill level 1 in Poison Magic
  1941 | D:3      | Reached XP level 5. HP: 45/47 MP: 5/7
  2083 | D:3      | Noticed a sky beast
  2134 | D:3      | Killed a sky beast
  2135 | D:3      | Reached XP level 6. HP: 49/53 MP: 8/8
  2338 | D:3      | Noticed Ijyb
  2355 | D:3      | Killed Ijyb
  2527 | D:4      | Reached skill level 5 in Maces & Flails
  2677 | D:4      | Identified the +6 rapier of Dishonesty {vamp, rF+ Will+
                  | MP+9}
  2768 | D:4      | Noticed Blork the orc
  2776 | D:4      | Noticed Robin
  2778 | D:4      | Killed Blork the orc
  2803 | D:4      | Killed Robin
  2808 | D:4      | Reached XP level 7. HP: 57/59 MP: 10/10
  3401 | D:5      | Entered Level 5 of the Dungeon
  3639 | D:5      | Found a runed translucent door.
  3807 | D:5      | Reached XP level 8. HP: 57/67 MP: 12/12
  4015 | D:5      | Found a glowing golden altar of the Shining One.
  4174 | D:5      | Found a runed translucent gate.
  4175 | D:5      | Found a runed translucent gate.
  4175 | D:5      | Identified the +3 whip "Jaomnier" {freeze, Str+4}
  4177 | D:5      | Found a runed translucent gate.
  4178 | D:5      | Noticed ThrustWizard's ghost (amateur DrTm)
  4296 | D:5      | Noticed Crazy Yiuf
  5016 | D:6      | Found Fugeti's Jewellery Boutique.
  5047 | D:6      | Bought a ring of poison resistance for 220 gold pieces
  5071 | D:6      | Reached XP level 9. HP: 67/72 MP: 14/14
  5270 | D:6      | Found a basalt altar of Yredelemnul.
  5460 | D:6      | Noticed Eustachio
  5488 | D:6      | Killed Eustachio
  5796 | D:6      | Found Ulyest's Jewellery Shop.
  5866 | D:6      | Noticed Maggie
  5892 | D:6      | Killed Maggie
  6267 | D:7      | Noticed Duvessa
  6267 | D:7      | Noticed Dowan
  6282 | D:7      | Found a sand-covered staircase.
  6288 | Ossuary  | Entered an ossuary
  6577 | D:7      | Killed Duvessa
  6598 | D:7      | Killed Dowan
  6598 | D:7      | Noticed a brown ugly thing
  6902 | D:7      | Noticed Joseph
  6931 | D:7      | Killed Joseph
  6932 | D:7      | Reached skill level 5 in Invocations
  6974 | D:7      | Killed a brown ugly thing
  6975 | D:7      | Reached XP level 10. HP: 80/80 MP: 17/17
  6997 | D:7      | Identified the +1 leather armour of the Slug {Int+2 Dex+3}
  7015 | D:7      | Found a staircase to the Ecumenical Temple.
  7024 | Temple   | Entered the Ecumenical Temple
  7114 | Temple   | Became a worshipper of Warmaster Okawaru
  7528 | D:7      | Found a glowing silver altar of Zin.
  7581 | D:8      | Noticed a death yak
  7581 | D:8      | Noticed a death yak
  7608 | D:7      | Killed a death yak
  7609 | D:7      | Reached skill level 5 in Short Blades
  7609 | D:7      | Reached skill level 5 in Long Blades
  7609 | D:7      | Reached skill level 5 in Axes
  7609 | D:7      | Reached skill level 5 in Polearms
  7609 | D:7      | Reached skill level 5 in Staves
  7609 | D:7      | Reached skill level 5 in Slings
  7609 | D:7      | Reached skill level 5 in Bows
  7609 | D:7      | Reached skill level 5 in Crossbows
  7609 | D:7      | Reached skill level 5 in Throwing
  7609 | D:7      | Reached skill level 5 in Dodging
  7609 | D:7      | Reached skill level 5 in Stealth
  7609 | D:7      | Reached skill level 5 in Unarmed Combat
  7609 | D:7      | Reached skill level 5 in Spellcasting
  7609 | D:7      | Reached skill level 5 in Evocations
  7625 | D:8      | Killed a death yak
  7625 | D:8      | Reached * piety under Okawaru
  8050 | D:8      | Noticed a death yak
  8050 | D:8      | Noticed a death yak
  8051 | D:8      | Noticed a death yak
  8066 | D:8      | Identified the +5 long sword "Valoez" {pain, Stlth+}
  8076 | D:8      | Killed a death yak
  8084 | D:8      | Killed a death yak
  8084 | D:8      | Reached ** piety under Okawaru
  8095 | D:8      | Killed a death yak
  8095 | D:8      | Reached *** piety under Okawaru
  8096 | D:8      | Reached XP level 11. HP: 74/87 MP: 19/19
  8142 | D:8      | Found a staircase to the Lair.
  8148 | D:8      | Reached skill level 5 in Conjurations
  8148 | D:8      | Reached skill level 5 in Hexes
  8148 | D:8      | Reached skill level 5 in Summonings
  8148 | D:8      | Reached skill level 5 in Necromancy
  8148 | D:8      | Reached skill level 5 in Translocations
  8148 | D:8      | Reached skill level 5 in Transmutations
  8148 | D:8      | Reached skill level 5 in Fire Magic
  8148 | D:8      | Reached skill level 5 in Ice Magic
  8148 | D:8      | Reached skill level 5 in Air Magic
  8148 | D:8      | Reached skill level 5 in Earth Magic
  8148 | D:8      | Reached skill level 5 in Poison Magic
  8260 | D:8      | Noticed Erica
  8550 | D:8      | Found a broken altar of Ashenzari.
  8629 | D:8      | Noticed Grum
  8651 | D:8      | Killed Grum
  8682 | D:8      | Reached **** piety under Okawaru
  8887 | D:8      | Killed Erica
  8917 | D:8      | Found a bloodstained altar of Trog.
  9006 | D:8      | Received a gift from Okawaru
  9104 | D:8      | Found an ancient bone altar of Kikubaaqudgha.
  9221 | D:8      | Noticed Psyche
  9232 | D:8      | Killed Psyche
  9908 | D:9      | Found a staircase to the Orcish Mines.
 10081 | D:9      | Found a runed translucent door.
 10082 | D:9      | Found a shimmering altar of Xom.
 10082 | D:9      | Noticed bande's ghost (journeyman GrFi)
 10082 | D:9      | Noticed a +2 halberd of chaos
 10381 | D:9      | Found a shadowy altar of Dithmenos.
 10467 | D:10     | Entered Level 10 of the Dungeon
 10610 | D:10     | Noticed Gastronok
 10643 | D:10     | Killed Gastronok
 10765 | D:10     | Found Bytinwi's Weapon Shop.
 10839 | D:10     | Found a blossoming altar of Fedhas.
 10942 | D:10     | Reached ***** piety under Okawaru
 11515 | D:10     | Reached XP level 12. HP: 83/92 MP: 22/22
 11596 | D:10     | Found a hazy altar of Hepliaklqana.
 12135 | D:11     | Noticed a boulder beetle
 12153 | D:11     | Killed a boulder beetle
 12349 | D:11     | Noticed a two-headed ogre
 12361 | D:11     | Killed a two-headed ogre
 12750 | D:11     | Received a gift from Okawaru
 13487 | D:12     | Found a frozen archway.
 13733 | IceCv    | Entered an ice cave
 13784 | IceCv    | HP: 1/97 [white ugly thing (8)]
 14423 | IceCv    | Got the Volume of Transformation
 14495 | D:12     | Noticed a death knight
 14499 | D:12     | Reached skill level 10 in Fighting
 14499 | D:12     | Reached skill level 10 in Armour
 14499 | D:12     | Reached skill level 10 in Shields
 14500 | D:12     | Noticed Jorgrun
 14646 | Lair:1   | Entered Level 1 of the Lair of Beasts
 15156 | Lair:1   | You fall into a shaft and drop 1 floor!
 15230 | Lair:2   | Noticed a boulder beetle
 15668 | Lair:1   | Noticed a four-headed hydra
 15678 | Lair:1   | Killed a one-headed hydra
 15678 | Lair:1   | Received a gift from Okawaru
 15679 | Lair:1   | Reached XP level 13. HP: 75/103 MP: 15/24
 19106 | Lair:3   | Found a staircase to the Shoals.
 19242 | Lair:3   | You fall into a shaft and drop 3 floors!
 19242 | Lair:6   | Entered Level 6 of the Lair of Beasts
 19811 | Lair:5   | Received a gift from Okawaru
 20382 | Lair:3   | Reached ****** piety under Okawaru
 20383 | Lair:3   | Reached skill level 10 in Maces & Flails
 20510 | Lair:3   | Reached XP level 14. HP: 98/113 MP: 22/26
 21559 | Lair:4   | Identified the +0 pair of gloves of Sunlight {rElec rF+
                  | SInv} (Okawaru gifted it to you on level 4 of the Lair of
                  | Beasts)
 21559 | Lair:4   | Received a gift from Okawaru
 21773 | Lair:4   | Found a staircase to the Snake Pit.
 22249 | Lair:5   | Identified the +4 ring mail of Inference {Rampage}
 22309 | Lair:5   | Found a viscous altar of Jiyva.
 22309 | Lair:5   | Found a staircase to the Slime Pits.
 23008 | Lair:6   | Reached skill level 10 in Invocations
 23231 | Lair:6   | Found a large runed translucent door.
 23580 | Lair:6   | Found a large runed translucent door.
 25155 | Orc:1    | Entered Level 1 of the Orcish Mines
 25271 | Orc:1    | Found Rium's Book Boutique.
 25325 | Orc:1    | Learned a level 2 spell: Blink
 25330 | Orc:1    | Learned a level 4 spell: Olgreb's Toxic Radiance
 25650 | Orc:2    | Entered Level 2 of the Orcish Mines
 25650 | Orc:2    | Found Lausup's Weapon Emporium.
 25852 | Orc:2    | Found a staircase to the Elven Halls.
 25877 | Orc:2    | Noticed an orc warlord
 25887 | Orc:2    | Slain by an orc knight

Illustrated notes

Levels and vault maps discovered:
D:1:      nicolae_arrival_washed_ashore, layout_loops_ring, serial_shops, shop
D:2:      minmay_diamond_boxcup, layout_rooms, serial_shops, shop,
          hellmonk_ecumenical_altar_crossroads
D:3:      layout_loops_ring, uniq_ijyb
D:4:      layout_loops_cross, hex_medium, uniq_robin, uniq_blork_the_orc
D:5:      minmay_clustersquares, layout_basic, mainiacjoe_overflow_boulevard,
          biasface_ghost_orc_armoury, uniq_crazy_yiuf_cottage
D:6:      layout_basic, mainiacjoe_overflow_catwalk, serial_shops,
          nicolae_shop_trees, shop, uniq_eustachio, uniq_maggie
D:7:      layout_basic, zin_treasury, minmay_temple_entry_sparse_star,
          nicolae_ossuary_entry_giza, uniq_duvessa, uniq_joseph
D:8:      layout_loops_ring, overflow_temple_1_default,
          nicolae_ashenzari_panopticon, tgw_kikubaaqudgha, dpeg_lair_monsters,
          uniq_psyche, uniq_erica, uniq_grum
D:9:      layout_loops_ring, lemuel_coloured_pillars_altar, orc_0_dummy,
          ebering_ghost_xom
D:10:     layout_stronghold, fedhas_altar_fruit_tree,
          nzn_hepliaklqana_mist_gate, serial_shops, nicolae_shop_waterfront,
          billiards_dpeg, uniq_gastronok
D:11:     layout_stronghold, serial_column_ruins, column_ruins_columns_straight,
          column_ruins_columns_corner, column_ruins_open_small,
          column_ruins_grid_3, column_ruins_columns_straight
D:12:     layout_basic, serial_ice, serial_ice_m, serial_ice_i, serial_ice_h,
          serial_ice_f, serial_ice_b, portal_ice_cave_demonic_guard,
          grunt_decor_arrowhead, uniq_jorgrun
Temple:   oiseaux_autumnal_temple
Lair:1:   layout_long_grid, cheibrodos_lair_reptile_den,
          infiniplex_staircase_pool, lemuel_fruit_fields, serial_bayou_shore_b,
          grunt_megastairs_1
Lair:2:   layout_hall_layers, grunt_forest_large_clearing_hut,
          grunt_megastairs_3, lemuel_fruit_fields
Lair:3:   layout_cave_pods, minmay_shoals_entry_hut
Lair:4:   layout_concentric_octagons, minmay_snake_entry_guardpost_small
Lair:5:   layout_hall_layers, slime_altar_1, mumra_transporter_accident,
          grunt_forest_large_clearings
Lair:6:   cheibrodos_lair_end_hotspot, layout_cellular_growth,
          infiniplex_staircase_pool_2
Orc:1:    layout_diamond_mine, serial_shops, nicolae_shop_stone,
          nicolae_orc_lava_room
Orc:2:    st_orc_congregation, layout_caves, serial_shops, shop,
          elves_outpost_lemuel

Skill      XL: |  1  2  3  4  5  6  7  8  9 10 11 12 13 14 |
---------------+-------------------------------------------+-----
Invocations    | 1 2 3 4 5 6 7 8 9 10 | 10.2
Short Blades   | 1 2 3 4 5 6 7 8 9 |  9.4
Long Blades    | 1 2 3 4 5 6 7 8 9 |  9.4
Axes           | 1 2 3 4 5 6 7 8 9 |  9.4
Polearms       | 1 2 3 4 5 6 7 8 9 |  9.4
Staves         | 1 2 3 4 5 6 7 8 9 |  9.4
Slings         | 1 2 3 4 5 6 7 8 9 |  9.4
Bows           | 1 2 3 4 5 6 7 8 9 |  9.4
Crossbows      | 1 2 3 4 5 6 7 8 9 |  9.4
Throwing       | 1 2 3 4 5 6 7 8 9 |  9.4
Dodging        | 1 2 3 4 5 6 7 8 9 |  9.4
Stealth        | 1 2 3 4 5 6 7 8 9 |  9.4
Unarmed Combat | 1 2 3 4 5 6 7 8 9 |  9.4
Spellcasting   | 1 2 3 4 5 6 7 8 9 |  9.4
Evocations     | 1 2 3 4 5 6 7 8 9 |  9.4
Conjurations   | 1 2 3 4 5 6 7 |  7.8
Hexes          | 1 2 3 4 5 6 7 |  7.8
Summonings     | 1 2 3 4 5 6 7 |  7.8
Necromancy     | 1 2 3 4 5 6 7 |  7.8
Translocations | 1 2 3 4 5 6 7 |  7.8
Transmutations | 1 2 3 4 5 6 7 |  7.8
Fire Magic     | 1 2 3 4 5 6 7 |  7.8
Ice Magic      | 1 2 3 4 5 6 7 |  7.8
Air Magic      | 1 2 3 4 5 6 7 |  7.8
Earth Magic    | 1 2 3 4 5 6 7 |  7.8
Poison Magic   | 1 2 3 4 5 6 7 |  7.8
Maces & Flails | 5 6 7 8 9 10 | 10.5
Fighting       | 7 8 9 10 11 | 11.4
Armour         | 7 8 9 10 11 | 11.4
Shields        | 7 8 9 10 11 | 11.4

Action                   |  1- 3 |  4- 6 |  7- 9 | 10-12 | 13-15 || total
-------------------------+-------+-------+-------+-------+-------++-------
Melee: Flail             |   124 |    80 |       |       |       ||   204
       Bite              |     8 |     4 |    47 |   129 |   126 ||   314
       Rapier            |       |    37 |   402 |   661 |       ||  1100
       Scimitar          |       |       |       |   133 |    46 ||   179
       Long sword        |       |       |       |   127 |   854 ||   981
Throw: Dart              |       |    23 |     1 |    13 |       ||    37
 Cast: Olgreb's Toxic Ra |       |       |       |       |     9 ||     9
Invok: Heroism           |       |       |       |     7 |     4 ||    11
       Finesse           |       |       |       |     2 |     1 ||     3
Evoke: Piece from Xom's  |       |       |       |     4 |       ||     4
       Wand              |       |       |       |       |     3 ||     3
  Use: Scroll            |     4 |     1 |     6 |     9 |     5 ||    25
       Potion            |       |       |     3 |     7 |     1 ||    11
 Stab: Sleeping          |       |       |       |     4 |     1 ||     5
       Distracted        |       |       |       |       |     1 ||     1
Armor: Scale mail        |    54 |       |       |       |       ||    54
       Chain mail        |     2 |    85 |   152 |   145 |   348 ||   732
       Skin              |       |     7 |     9 |     6 |       ||    22
       Ring mail         |       |       |       |   166 |   148 ||   314
Dodge: Dodged            |    52 |    41 |   108 |   377 |   519 ||  1097
Block: Buckler           |    31 |    30 |   140 |   390 |   296 ||   887
       Reflection        |       |       |     1 |     2 |       ||     3

Table legend: (Time is in decaauts)
 A = Elapsed time spent in this place.
 B = Non-inter-level travel time spent in this place.
 C = Inter-level travel time spent in this place.
 D = Time resting spent in this place.
 E = Time spent auto-exploring this place.
 F = Levels seen in this place.
 G = Mean time per level.
                   A        B        C        D        E       F      G
               +--------+--------+--------+--------+--------+-----+--------+
         Total |  25835 |  24737 |   1098 |   3502 |  16211 |  23 | 1123.3 |
       Dungeon |  13812 |  13213 |    599 |   1609 |   8806 |  12 | 1151.0 |
        Temple |    121 |     93 |     28 |      0 |     75 |   1 |  121.0 |
          Lair |  10196 |   9757 |    439 |   1417 |   6633 |   6 | 1699.3 |
  Orcish Mines |    726 |    695 |     31 |      0 |    567 |   2 |  363.0 |
       Ossuary |    278 |    278 |      0 |      0 |    130 |   1 |  278.0 |
      Ice Cave |    699 |    699 |      0 |    476 |      0 |   1 |  699.0 |
               +--------+--------+--------+--------+--------+-----+--------+

Top non-repeatable levels by time:
  Lair:6: 2711 daAuts
  Lair:3: 2040 daAuts
     D:8: 1949 daAuts
  Lair:1: 1743 daAuts
  Lair:2: 1725 daAuts
    D:11: 1681 daAuts
     D:6: 1492 daAuts
     D:5: 1319 daAuts
     D:9: 1227 daAuts
     D:4: 1193 daAuts
    D:10: 1147 daAuts
  Lair:4: 1146 daAuts
     D:3: 949 daAuts
     D:7: 898 daAuts
     D:1: 866 daAuts
